 Dungeon Crawl Stone Soup version 0.24-a0-479-g9a978d2894 (webtiles) character file.

Game seed: 1624352429109138083

11 ivs the Chopper (level 2, 15/15 HPs)
             Began as a Vine Stalker Gladiator on July 7, 2019.
             Got out of the dungeon alive.
             The game lasted 00:02:57 (409 turns).

ivs the Chopper (Vine Stalker Gladiator)             Turns: 409, Time: 00:02:57

Health: 15/15      AC:  3    Str: 16    XL:     2   Next: 25%
Magic:  3/3        EV: 11    Int:  8    God:
Gold:   32         SH:  0    Dex: 15    Spells: 1/1 levels left

rFire    . . .     SeeInvis .   a - +0 war axe
rCold    . . .     Gourm    .   (no shield)
rNeg     . . .     Faith    .   e - +0 ring mail
rPois    .         Spirit   +   c - +0 helmet
rElec    .         Reflect  .   (no cloak)
rCorr    .         Harm     .   (no gloves)
MR       .....                  (no boots)
Stlth    +.........             (no amulet)
HPRegen  0.05/turn              h - -3 ring of protection (curse)
MPRegen  0.08/turn              (no ring)

@: no status effects
A: fangs 2, magic shield, antimagic bite, no potion heal 3, rot immunity
a: no special abilities


You escaped.
You were not hungry.

You visited 1 branch of the dungeon, and saw 1 of its levels.

You collected 32 gold pieces.

Inventory:

Hand Weapons
 a - a +0 war axe (weapon)
Missiles
 d - 3 throwing nets (quivered)
 g - 27 sling bullets
Armour
 c - a +0 helmet (worn)
 e - a +0 ring mail (worn)
Jewellery
 h - a cursed -3 ring of protection (left hand)
Potions
 b - a potion of curing
Comestibles
 f - 2 rations


   Skills:
 - Level 1.7 Fighting
 + Level 3.3 Axes
 - Level 1.7 Throwing
 - Level 2.4 Dodging


You had one spell level left.
You didn't know any spells.
Your spell library was empty.

Dungeon Overview and Level Annotations

Branches:
Dungeon (1/15)

Altars:


Innate Abilities, Weirdness & Mutations

You have extremely sharp teeth.
When hurt, damage is shared between your health and your magic reserves.
Your bite disrupts and absorbs the magic of your enemies.
Potions cannot restore your health.
You are immune to rotting.


Message History

There is an open door here.
There is an open door here.
You see here a hand axe.
The halfling shouts!
The orc shouts!
There is an open door here.
The ogre shouts!
The merfolk shouts!
The felid hisses angrily.
The human shouts!
The vine stalker shouts!
The troll shouts!
The tengu shouts!
The dwarf shouts!
The elf shouts!
The spriggan shouts!
The demigod shouts!
The kobold shouts!
The demonspawn shouts!
The formicid twitches its antennae in your direction.
The octopode shouts!
The centaur shouts!
There is an open door here.
There is a staircase leading out of the dungeon here.
Are you sure you want to leave the Dungeon?
This will make you lose the game!
You have escaped!

###.###..##.# #..
#V#.#a#..##.# #.#
###.###..##.# #.#
#x#.#M#..##.# #.#
###.###.....######.#
#n#.#c#>...........#
###'###.##########.#
#...#### ### #.@.#
#####


There were no monsters in sight!

Vanquished Creatures
  A dart slug (D:1)
  A goblin (D:1)
  3 hobgoblins (D:1)
  A bat (D:1)
  A frilled lizard (D:1)
  2 rats (D:1)
9 creatures vanquished.

Notes
Turn   | Place    | Note
-------+----------+-------------------------------------------
     0 | D:1      | ivs the Vine Stalker Gladiator began the quest for the Orb.
     0 | D:1      | Reached XP level 1. HP: 11/11 MP: 2/2
     1 | D:1      | Noticed a ghoul
     2 | D:1      | Noticed a centaur
     4 | D:1      | Noticed an octopode
     6 | D:1      | Noticed a vampire
     6 | D:1      | Noticed a formicid
     8 | D:1      | Noticed a demonspawn
    10 | D:1      | Noticed a spriggan
    10 | D:1      | Noticed a demigod
    12 | D:1      | Noticed a gargoyle
    12 | D:1      | Noticed an elf
    14 | D:1      | Noticed a dwarf
    14 | D:1      | Noticed a naga
    16 | D:1      | Noticed a draconian
    18 | D:1      | Noticed a troll
    18 | D:1      | Noticed a tengu
    20 | D:1      | Noticed a human
    20 | D:1      | Noticed a vine stalker
    22 | D:1      | Noticed a merfolk
    22 | D:1      | Noticed a felid
    24 | D:1      | Noticed a minotaur
    24 | D:1      | Noticed an ogre
    26 | D:1      | Noticed a halfling
    53 | D:1      | Reached skill level 3 in Axes
   134 | D:1      | Reached XP level 2. HP: 12/15 MP: 3/3
   409 | D:$      | Got out of the dungeon alive.

Levels and vault maps discovered:
D:1:      kb_arrival_jail, layout_basic

Skill      XL: |  1 |
---------------+----+-----
Axes           | 3 |  3.3
Fighting       | |  1.7
Throwing       | |  1.7
Dodging        | |  2.4

Action                   || total
-------------------------++-------
Melee: War axe           ||    16
       Bite              ||     3
  Use: Scroll            ||     2
Armor: Ring mail         ||     4
       Leather armour    ||     1
Dodge: Dodged            ||     7

Table legend:
 A = Non-vault XP
 B = Vault XP
 C = Vault XP percentage of total XP
 D = Non-vault monster count
 E = Vault monster count
 F = Vault count percentage of total count
                 A         B        C        D         E       F
            +---------+---------+-------+---------+---------+-------
      Total |      16 |       0 |   0.0 |       9 |       0 |   0.0
            +---------+---------+-------+---------+---------+-------
        D:1 |      16 |       0 |   0.0 |       9 |       0 |   0.0
            +---------+---------+-------+---------+---------+-------
